 Dungeon Crawl Stone Soup version 0.15-a0-834-gd31242b (webtiles) character file.

53 4tharraofdagon the Scratcher (level 3, -3/15 HPs)
             Began as a Felid Transmuter on May 15, 2014.
             Shot with an arrow by a centaur (15 damage)
             ... on Level 3 of the Dungeon.
             The game lasted 00:06:15 (793 turns).

4tharraofdagon the Scratcher (Felid Transmuter)      Turns: 793, Time: 00:06:15

HP  -3/15        AC  1     Str  6      XL: 3   Next: 62%
MP   5/8         EV 18     Int 14      God:
Gold 25          SH  0     Dex 17      Spells:  2 memorised,  2 levels left
Lives: 0, deaths: 0

rFire  . . .     SeeInvis +       - Unarmed
rCold  . . .     Clarity  .     (armour unavailable)
rNeg   . . .     Conserve .     (shield unavailable)
rPois  .         rCorr    .     (helmet unavailable)
rElec  .         rRot     .     (cloak unavailable)
SustAb . .       Spirit   .     (gloves unavailable)
rMut   .         Warding  .     (boots unavailable)
Gourm  .         Stasis   .     (no amulet)
MR     .....                    g - ring of flight
                                f - ring of wizardry

@: quick, not resistant to hostile enchantments, unstealthy
A: paw claws, no armour, no weapons or thrown items, fangs 3, see invisible,
carnivore 3, speed 1, shaggy fur 1, slow metabolism 1, jump 1
a: Jump Attack, Evoke Flight


You were on level 3 of the Dungeon.
You were completely stuffed.

You visited 1 branch of the dungeon, and saw 3 of its levels.

You collected 25 gold pieces.

Inventory:

Missiles
 b - 12 arrows
 n - 2 throwing nets
Comestibles
 a - a meat ration
Scrolls
 c - 2 scrolls of enchant weapon I {unknown}
 e - a scroll of random uselessness {unknown}
 i - 2 scrolls of blinking
 j - a scroll of immolation {unknown}
 k - a scroll of identify {unknown}
 m - 3 scrolls of noise {unknown}
 o - a scroll of teleportation {unknown}
Jewellery
 f - a ring of wizardry (left paw)
 g - a ring of flight (right paw)
Potions
 h - a potion of might {unknown}
 l - a potion of curing
Books
 d - a book of Changes

   Spells                             Type                      Level
   *Beastly Appendage                 Transmutation                1
   Sticks to Snakes                   Transmutation                2
   *Spider Form                       Transmutation/Poison         3
   Ice Form                           Ice/Transmutation            4
   Blade Hands                        Transmutation                5


   Skills:
 + Level 1.6 Fighting
 + Level 3.1 Dodging
 * Level 3.5 Unarmed Combat
 - Level 2.0 Spellcasting
 + Level 3.2 Transmutations


You had 2 spell levels left.
You knew the following spells:

 Your Spells              Type           Power        Failure   Level  Hunger
a - Beastly Appendage     Trmt           ##....       4%          1    ##.....
b - Spider Form           Trmt/Pois      #.........   16%         3    ####...


Dungeon Overview and Level Annotations

Branches:
Dungeon (3/15)

Altars:
Gozag

Annotations:
D:2 Sigmund


Innate Abilities, Weirdness & Mutations

You cannot wear armour.
You are incapable of wielding weapons or throwing items.
Your paws have sharp claws.*
You have razor-sharp teeth.*
You have supernaturally acute eyesight.
You are carnivorous and can eat meat at any time.
You cover ground quickly.*
You are covered in fur (AC +1).*
You have a slow metabolism.
You can jump attack at a short distance.


Message History

You barely miss the orc.
The orc is moderately wounded.
The orc completely misses you.
You hit the orc.
The orc is heavily wounded.
Your transformation is almost over.
You kill the orc!
Things that are here:
a whip; a leather armour You see here a hand axe.
Found a stone staircase leading down.
Found a dagger.
Found 14 gold pieces.
A centaur comes into view.
Your transformation has ended.
Found a leather armour.
The centaur shouts!
The centaur wields a shortbow.
The centaur shoots an arrow.
The arrow hits you!
Ouch! That really hurt!
You die...

. ...# .... .
#.. .. ..$
.... #.#
...c.
#.#......
####)#......
+..@>.....[.#
###..##+####
#..# #..#
#.####..#
#......%#
#######...#
#..........#
.######.#.#


You could see a centaur.

Vanquished Creatures
  An adder (D:2)
  A giant mite (D:3)
  An ooze (D:1)
  2 orcs (D:3)
  3 ball pythons
  6 bats
  2 giant cockroaches
  2 goblins (D:1)
  2 hobgoblins (D:1)
  5 jackals (D:1)
  A kobold (D:1)
  3 giant newts
  3 rats
32 creatures vanquished.

Notes
Turn   | Place    | Note
--------------------------------------------------------------
     0 | D:1      | 4tharraofdagon, the Felid Transmuter, began the quest for the Orb.
     0 | D:1      | Reached XP level 1. HP: 9/9 MP: 4/4
    68 | D:2      | Noticed Sigmund
    68 | D:2      | Found an opulent altar of Gozag.
   147 | D:1      | Reached XP level 2. HP: 2/12 MP: 5/5
   626 | D:2      | Reached XP level 3. HP: 15/15 MP: 6/8
   634 | D:2      | Learned a level 3 spell: Spider Form
   792 | D:3      | Noticed a centaur
   793 | D:3      | Shot with an arrow by a centaur

Action                   || total
-------------------------++-------
Melee: Unarmed           ||   108
 Cast: Beastly Appendage ||    14
       Spider Form       ||     2
 Abil: Jump Attack       ||     2
  Use: Potion            ||     2
       Scroll            ||     1

Vault maps used:
D:1:      dpeg_arrival_circle_labyrinth_a
D:2:      grunt_gozag_statues, first_bread, grunt_ministairs_13, uniq_sigmund
